 Dungeon Crawl Stone Soup version 0.23.2-1-ga50397a (webtiles) character file.

Game seed: 9707693531649640588

621 harcile the Firebug (level 7, -5/45 HPs)
             Began as a Hill Orc Fire Elementalist on Apr 18, 2019.
             Killed by nerve-wracking pain
             ... invoked by a shadow imp
              (8 damage)
             ... on level 5 of the Dungeon.
             The game lasted 00:14:41 (3030 turns).

harcile the Firebug (Hill Orc Fire Elementalist)    Turns: 3030, Time: 00:14:43

Health: -5/45      AC:  0    Str: 13    XL:     7   Next: 46%
Magic:  8/12       EV: 14    Int: 17    God:
Gold:   125        SH:  0    Dex: 11    Spells: 3/13 levels left

rFire    . . .     SeeInvis .   g - +2 short sword (drain)
rCold    . . .     Gourm    .   (no shield)
rNeg     . . .     Faith    .   x - +0 leather armour (curse)
rPois    .         Spirit   .   (no helmet)
rElec    .         Reflect  .   h - +0 cloak
rCorr    .         Harm     .   (no gloves)
MR       .....                  (no boots)
Stlth    ++........             (no amulet)
HPRegen  0.15/turn              (no ring)
MPRegen  0.13/turn              (no ring)

@: corroded
A: repulsion field 1, frail 1, strong 1
a: no special abilities


You were on level 5 of the Dungeon.
You were hungry.

You visited 1 branch of the dungeon, and saw 5 of its levels.

You collected 125 gold pieces.

Inventory:

Hand Weapons
 g - a +2 short sword of draining (weapon)
 k - a +1 spear of piercing
Armour
 a - a +0 robe
 h - a +0 cloak (worn)
 l - a +0 chain mail
 x - a cursed +0 leather armour (worn)
Wands
 i - a wand of random effects (5)
 A - a wand of flame (25)
Scrolls
 b - a scroll of enchant armour {unknown}
 e - 4 scrolls of identify
 j - 2 scrolls of teleportation {unknown}
 p - a scroll of enchant weapon {unknown}
 q - a scroll of blinking {unknown}
 s - a scroll of fear {unknown}
 t - a scroll of fog {unknown}
 w - a scroll of remove curse {unknown}
 y - a scroll of amnesia {unknown}
 z - a scroll of magic mapping {unknown}
Potions
 d - a potion of heal wounds {unknown}
 f - 2 potions of might
 m - a potion of resistance {unknown}
 n - a potion of curing
 o - a potion of brilliance {unknown}
 r - a potion of flight {unknown}
 v - a potion of mutation
Comestibles
 c - 7 rations


   Skills:
 + Level 0.8 Fighting
 + Level 0.1 Armour
 - Level 2.0 Dodging
 + Level 2.1 Stealth
 + Level 3.5 Spellcasting
 + Level 4.2 Conjurations
 + Level 5.7 Fire Magic


You had 3 spell levels left.
You knew the following spells:

 Your Spells              Type           Power        Failure   Level  Hunger
a - Throw Flame           Conj/Fire      ###...       4%          2    ##.....
b - Conjure Flame         Conj/Fire      ###.....     9%          3    ###....
c - Sticky Flame          Conj/Fire      ###.....     26%         4    ####...
f - Flame Tongue          Conj/Fire      ###..        2%          1    None

Your spell library contained the following spells:

 Spells                   Type           Power        Failure   Level  Hunger
 Inner Flame              Hex/Fire       ##......     19%         3    ###....
 Fireball                 Conj/Fire      ###.......   58%         5    ######.


Dungeon Overview and Level Annotations

Branches:
Dungeon (5/15)
 Temple: D:4-7

Altars:
Okawaru
Zin


Innate Abilities, Weirdness & Mutations

You are surrounded by a mild repulsion field. (EV +2)
You are frail. (-10% HP)
Your muscles are strong. (Str +2)


Message History

The shadow imp is severely wounded.
Casting: Flame Tongue (safe; 2% risk of failure)
Confirm with . or Enter, or press ? or * to list all spells.
Aiming: Flame Tongue (safe; 2% risk of failure)
Press: ? - help, Shift-Dir - straight line, f/p - shadow imp
Aim: a shadow imp (severely wounded)
The flame tongue misses the shadow imp.
Casting: Flame Tongue (safe; 2% risk of failure)
Confirm with . or Enter, or press ? or * to list all spells.
Aiming: Flame Tongue (safe; 2% risk of failure)
Press: ? - help, Shift-Dir - straight line, f/p - shadow imp
Aim: a shadow imp (severely wounded)
The flame tongue hits the shadow imp but does no damage.
The shadow imp is severely wounded.
The orc zaps a wand.
The bolt of acid hits you! The acid corrodes you!
You are splashed with acid!
* * * LOW HITPOINT WARNING * * *
The shadow imp gestures at you. Pain shoots through your body!
You die...

...............#
................
...###.......## ..
##.###.........
.####..#5.........
..#......o....... #
#................ #..
##...#............
#..#....##.@5$...#...
#.......##<.....##...
#..................#
#####.............
........##.#...##.
####...#####.....
##.## .=... ### .###


You could see a crimson imp, a shadow imp and an orc.

Vanquished Creatures
  2 scorpions (D:4)
  3 howler monkeys
  A bullfrog zombie (D:5)
  An orc priest (D:4)
  A hound (D:4)
  2 orc wizards (D:4)
  Jessica (D:2)
  2 worker ants (D:4)
  Terence (D:2)
  5 adders
  5 shadow imps
  An adder skeleton (D:4)
  A worm (D:3)
  A leopard gecko (D:1)
  5 orcs (D:4)
  5 giant cockroaches
  8 goblins
  8 hobgoblins
  5 jackals
  2 quokkas
  7 bats
  6 frilled lizards
  7 kobolds
  A quokka skeleton (D:5)
  7 rats
88 creatures vanquished.

Vanquished Creatures (others)
  An orc wizard (D:4)
1 creature vanquished.

Grand Total: 89 creatures vanquished

Notes
Turn   | Place    | Note
-------+----------+-------------------------------------------
     0 | D:1      | harcile the Hill Orc Fire Elementalist began the quest for
                  | the Orb.
     0 | D:1      | Reached XP level 1. HP: 14/14 MP: 3/3
   227 | D:1      | Reached XP level 2. HP: 18/20 MP: 1/4
   330 | D:1      | Gained mutation: You evolve. [potion of mutation]
   330 | D:1      | Gained mutation: Your magical capacity is low. (-10% MP)
                  | [potion of mutation]
   330 | D:1      | Gained mutation: Your muscles are strong. (Str +2) [potion
                  | of mutation]
   582 | D:1      | Reached XP level 3. HP: 19/26 MP: 0/5
   631 | D:1      | Reached skill level 4 in Fire Magic
   773 | D:2      | Lost mutation: You evolve. [potion of mutation]
   773 | D:2      | Lost mutation: Your magical capacity is low. (-10% MP)
                  | [potion of mutation]
   773 | D:2      | Gained mutation: You are frail. (-10% HP) [potion of
                  | mutation]
   773 | D:2      | Gained mutation: You are surrounded by a mild repulsion
                  | field. (EV +2) [potion of mutation]
   841 | D:2      | Noticed Jessica
   850 | D:2      | Killed Jessica
   850 | D:2      | Reached XP level 4. HP: 29/29 MP: 0/7
  1056 | D:2      | Noticed Terence
  1238 | D:2      | Killed Terence
  1238 | D:2      | Reached XP level 5. HP: 34/34 MP: 1/8
  1408 | D:2      | Learned a level 2 spell: Throw Flame
  1412 | D:2      | Learned a level 3 spell: Conjure Flame
  1505 | D:3      | Found an iron altar of Okawaru.
  2089 | D:4      | Reached XP level 6. HP: 40/40 MP: 2/10
  2096 | D:4      | Found a glowing silver altar of Zin.
  2104 | D:4      | Found a transporter.
  2131 | D:4      | Found a transporter.
  2257 | D:4      | Reached skill level 5 in Fire Magic
  2486 | D:4      | Reached XP level 7. HP: 42/45 MP: 0/11
  2858 | D:5      | Entered Level 5 of the Dungeon
  2923 | D:4      | Learned a level 4 spell: Sticky Flame
  3030 | D:5      | Killed from afar by a shadow imp

Skill      XL: |  1  2  3  4  5  6  7 |
---------------+----------------------+-----
Spellcasting   | 2 3 |  3.5
Fire Magic     | 4 5 |  5.7
Conjurations   | 2 3 4 |  4.2
Dodging        | 2 |  2.0
Stealth        | 2 |  2.1
Fighting       | |  0.8
Armour         | |  0.1

Action                   |  1- 3 |  4- 6 |  7- 9 || total
-------------------------+-------+-------+-------++-------
Melee: Unarmed           |     4 |       |       ||     4
       Short sword       |       |    34 |    19 ||    53
 Cast: Flame Tongue      |    48 |    98 |    41 ||   187
       Throw Flame       |       |     1 |       ||     1
  Use: Potion            |     3 |     3 |       ||     6
       Scroll            |     1 |       |       ||     1
  Eat: Chunk             |     1 |     6 |     1 ||     8
Armor: Robe              |    13 |    14 |       ||    27
       Leather armour    |       |       |     6 ||     6
Dodge: Dodged            |    40 |    54 |    16 ||   110
